 Dungeon Crawl Stone Soup version 0.30.0-5-g1a98f26d00 (webtiles) character file.

Game seed: 5662279259620185558

422 Datul the Covert (level 6, 0/51 HPs)
             Began as a Gnoll Brigand on May 11, 2023.
             Was a Follower of Qazlal.
             Slain by Pikel
             ... wielding a +2 whip of flaming
              (10 damage)
             ... on level 4 of the Dungeon.
             The game lasted 00:08:21 (2982 turns).

Datul the Covert (Gnoll Brigand)                    Turns: 2982, Time: 00:08:22

Health: 0/51       AC:  6    Str: 10    XL:     6   Next: 95%
Magic:  9/9        EV: 12    Int: 13    God:    Qazlal [*.....]
Gold:   88         SH:  2    Dex: 13    Spells: 6/9 levels left

rFire   . . .        B - +2 hand axe (elec)
rCold   . . .        (no shield)
rNeg    . . .        D - +1 leather armour {rPois}
rPois   +            (no helmet)
rElec   .            c - +0 cloak
rCorr   .            (no gloves)
SInv    .            v - +0 pair of boots
Will    .....        (no amulet)
Stlth   +++          p - ring of wizardry
HPRegen 0.28/turn    (no ring)
MPRegen 0.11/turn

%: wizardry (x1)
@: mighty
A: fangs 1, strong nose, distributed training
a: Renounce Religion


You were on level 4 of the Dungeon.
You worshipped Qazlal.
Qazlal was aware of your devotion.
You visited 1 branch of the dungeon, and saw 4 of its levels.

You collected 88 gold pieces.

Inventory:

Hand Weapons
 a - a +1 dagger of venom
 b - a +1 short sword of speed
 t - a +2 dagger
 A - a +5 flail
 B - a +2 hand axe of electrocution (weapon)
 C - a +3 long sword of freezing
Missiles
 d - 14 poisoned darts (quivered)
 e - 3 curare-tipped darts
Armour
 c - a +0 cloak (worn)
 v - a +0 pair of boots (worn)
 D - a +1 leather armour of poison resistance (worn)
Jewellery
 p - a ring of wizardry (left hand)
 y - a ring of resist corrosion
Scrolls
 h - a scroll of teleportation
 m - a scroll of enchant armour {unknown}
 o - a scroll of brand weapon {unknown}
 q - a scroll of fog {unknown}
 r - a scroll of acquirement {unknown}
 s - a scroll of magic mapping {unknown}
 w - a scroll of fear
 x - 2 scrolls of vulnerability {unknown}
Potions
 f - 2 potions of flight
 i - 2 potions of curing
 j - 2 potions of mutation
 n - a potion of might


   Skills:
 + Level 5.1 Fighting
 + Level 5.1 Short Blades
 + Level 2.2 Long Blades
 + Level 2.2 Axes
 + Level 2.2 Maces & Flails
 + Level 2.2 Polearms
 + Level 2.2 Staves
 + Level 2.2 Ranged Weapons
 + Level 5.1 Throwing
 + Level 2.2 Armour
 + Level 3.4 Dodging
 + Level 8.1 Stealth
 + Level 2.2 Shields
 + Level 2.2 Unarmed Combat
 + Level 2.2 Spellcasting
 + Level 1.8 Conjurations
 + Level 1.8 Hexes
 + Level 1.8 Summonings
 + Level 1.8 Necromancy
 + Level 1.8 Translocations
 + Level 1.8 Transmutations
 + Level 1.8 Fire Magic
 + Level 1.8 Ice Magic
 + Level 1.8 Air Magic
 + Level 1.8 Earth Magic
 + Level 1.8 Poison Magic
 + Level 2.5 Invocations
 + Level 2.2 Evocations


You had 6 spell levels left.
You knew the following spells:

 Your Spells              Type           Power      Damage    Failure   Level
a - Vhi's Electric Charg  Tloc/Air       12%        N/A       17%         3

Your spell library contained the following spells:

 Spells                   Type           Power      Damage    Failure   Level
 Arcjolt                  Conj/Air       3%         1d13      82%         5
 Maxwell's Capacitive Co  Air            3%         ∞         100%        8


Dungeon Overview and Level Annotations

Branches:
Dungeon (4/15) Zot: 21046
 Temple: D:4-7

Altars:
Ashenzari
Qazlal

Annotations:
D:3 3 runed translucent doors, Crazy Yiuf; fozzywoppz's ghost, weakling GrFi
D:4 Pikel


Innate Abilities, Weirdness & Mutations

You have very sharp teeth.
Your uncanny sense of smell can sniff out nearby items.
Your experience applies equally to all skills.


Message History

Okay, then.
Okay, then.
You feel much better. Pikel waves his whip at you.
Pikel hits you but does no damage.
You regained 14 hp, and now have 29/51 hp.
Unknown command.
You barely miss Pikel.
Pikel is moderately wounded.
Pikel hits you with a +2 whip of flaming.
Pikel burns you.
You take 3 damage, and have 26/51 hp.
You hit Pikel but do no damage.
Pikel is moderately wounded.
Pikel says, "You'll make a fine lemure."
Pikel hits you with a +2 whip of flaming.
* * * LOW HITPOINT WARNING * * *
Pikel burns you.
* * * LOW HITPOINT WARNING * * *
Pikel hits you but does no damage.
You take 8 damage, and have 18/51 hp.
You hit Pikel.
Pikel is moderately wounded.
Pikel hits you with a +2 whip of flaming.
* * * LOW HITPOINT WARNING * * *
Pikel burns you.
* * * LOW HITPOINT WARNING * * *
You take 1 damage, and have 17/51 hp.
You feel very mighty all of a sudden.
Pikel hits you with a +2 whip of flaming.
* * * LOW HITPOINT WARNING * * *
Pikel burns you.
* * * LOW HITPOINT WARNING * * *
You take 7 damage, and have 10/51 hp.
Unknown command.
Unknown command.
You slash Pikel!
Pikel is heavily wounded.
Pikel hits you with a +2 whip of flaming!
You die...

....#...########.....#####
. # #...# ##K.......# .
##..## #.....r... J ..#
#...# #..####... .
..#####..# ##r## #. .
##.........## #.5# .
###...........## #..# ..
.##............#####..#
#...
.......####.....@K55.##
#...# ....##
###..####5..####...#
.....# #..# ##....#....#
.#...## ##.####.........#
.##...# #..###..........##
####..##
##..#.............####. #
#...##
#........####.....#.... #
##...#...#....###
#..........#
###........#..##
##......#####


You could see Pikel and 3 lemures.

Vanquished Creatures
  A lemure (D:4)
  5 wights (D:4)
  An orc priest (D:4)
  Jessica (D:3)
  An adder (D:3)
  A worm (D:4)
  A dart slug (D:2)
  8 orcs
  8 ball pythons
  7 bats
  8 endoplasms
  2 giant cockroaches
  10 goblins
  4 hobgoblins
  6 quokkas
  5 frilled lizards
  4 kobolds
  22 rats
95 creatures vanquished.

Notes
Turn   | Place    | Note
-------+----------+-------------------------------------------
     0 | D:1      | Datul the Gnoll Brigand began the quest for the Orb.
     0 | D:1      | Reached XP level 1. HP: 20/20 MP: 1/1
   184 | D:1      | Reached XP level 2. HP: 22/26 MP: 2/2
   531 | D:1      | Reached XP level 3. HP: 31/31 MP: 3/3
   660 | D:2      | Reached skill level 1 in Invocations
   971 | D:2      | Reached skill level 1 in Long Blades
   971 | D:2      | Reached skill level 1 in Axes
   971 | D:2      | Reached skill level 1 in Maces & Flails
   971 | D:2      | Reached skill level 1 in Polearms
   971 | D:2      | Reached skill level 1 in Staves
   971 | D:2      | Reached skill level 1 in Ranged Weapons
   971 | D:2      | Reached skill level 1 in Armour
   971 | D:2      | Reached skill level 1 in Shields
   971 | D:2      | Reached skill level 1 in Unarmed Combat
   971 | D:2      | Reached skill level 1 in Spellcasting
   971 | D:2      | Reached skill level 1 in Evocations
  1366 | D:3      | Reached XP level 4. HP: 35/38 MP: 5/5
  1573 | D:3      | Found a faded altar of an unknown god.
  1579 | D:3      | Prayed at the altar of an unknown god.
  1579 | D:3      | Became a worshipper of Qazlal Stormbringer
  1579 | D:3      | Reached * piety under Qazlal
  1754 | D:3      | Reached skill level 1 in Conjurations
  1754 | D:3      | Reached skill level 1 in Hexes
  1754 | D:3      | Reached skill level 1 in Summonings
  1754 | D:3      | Reached skill level 1 in Necromancy
  1754 | D:3      | Reached skill level 1 in Translocations
  1754 | D:3      | Reached skill level 1 in Transmutations
  1754 | D:3      | Reached skill level 1 in Fire Magic
  1754 | D:3      | Reached skill level 1 in Ice Magic
  1754 | D:3      | Reached skill level 1 in Air Magic
  1754 | D:3      | Reached skill level 1 in Earth Magic
  1754 | D:3      | Reached skill level 1 in Poison Magic
  1770 | D:3      | Found a broken altar of Ashenzari.
  1793 | D:3      | Found a runed translucent door.
  1794 | D:3      | Noticed Crazy Yiuf
  1922 | D:3      | Found a stormy altar of Qazlal.
  1940 | D:3      | Found a large runed translucent door.
  1940 | D:3      | Found a large runed translucent door.
  1944 | D:3      | Noticed fozzywoppz's ghost (weakling GrFi)
  1965 | D:3      | Noticed Jessica
  1977 | D:3      | Killed Jessica
  2116 | D:4      | Noticed a lemure
  2426 | D:4      | Reached XP level 5. HP: 22/43 MP: 7/7
  2614 | D:4      | Reached skill level 8 in Stealth
  2635 | D:4      | Reached skill level 5 in Fighting
  2635 | D:4      | Reached skill level 5 in Short Blades
  2635 | D:4      | Reached skill level 5 in Throwing
  2635 | D:4      | Reached XP level 6. HP: 12/51 MP: 8/8
  2787 | D:4      | Learned a level 3 spell: Vhi's Electric Charge
  2940 | D:4      | Noticed Pikel
  2982 | D:4      | Slain by Pikel

Illustrated notes

Levels and vault maps discovered:
D:1:      minmay_arrival_four_houses, layout_rooms
D:2:      layout_loops_ring, minmay_close_crescents
D:3:      layout_loops_cross, mainiacjoe_overflow_alcove_4,
          nicolae_qazlal_scattered_showers, ebering_ghost_disaster_area,
          shapermc_ecumenical_altar_hornbeckon, minmay_rat_hole, uniq_jessica,
          uniq_crazy_yiuf_cottage
D:4:      layout_layer_cave, grunt_gozag_statues, dk_noncrumbling_4,
          nicolae_figureground_pulse, uniq_pikel

Skill      XL: |  1  2  3  4  5  6 |
---------------+-------------------+-----
Invocations    | 1 2 |  2.5
Long Blades    | 1 2 |  2.2
Axes           | 1 2 |  2.2
Maces & Flails | 1 2 |  2.2
Polearms       | 1 2 |  2.2
Staves         | 1 2 |  2.2
Ranged Weapons | 1 2 |  2.2
Armour         | 1 2 |  2.2
Shields        | 1 2 |  2.2
Unarmed Combat | 1 2 |  2.2
Spellcasting   | 1 2 |  2.2
Evocations     | 1 2 |  2.2
Conjurations   | 1 |  1.8
Hexes          | 1 |  1.8
Summonings     | 1 |  1.8
Necromancy     | 1 |  1.8
Translocations | 1 |  1.8
Transmutations | 1 |  1.8
Fire Magic     | 1 |  1.8
Ice Magic      | 1 |  1.8
Air Magic      | 1 |  1.8
Earth Magic    | 1 |  1.8
Poison Magic   | 1 |  1.8
Dodging        | 3 |  3.4
Stealth        | 8 |  8.1
Fighting       | 5 |  5.1
Short Blades   | 5 |  5.1
Throwing       | 5 |  5.1

Action                     |  1- 3 |  4- 6 || total
---------------------------+-------+-------++-------
  Melee: Dagger            |   119 |    72 ||   191
         Bite              |     2 |    12 ||    14
         Punch             |     1 |     1 ||     2
         Hand axe          |       |    47 ||    47
  Throw: Dart              |       |     1 ||     1
    Use: Scroll            |     5 |     3 ||     8
         Potion            |       |     2 ||     2
   Stab: Sleeping          |    13 |     5 ||    18
 Armour: Robe              |    11 |       ||    11
         Leather armour    |    10 |    22 ||    32
  Dodge: Dodged            |    65 |    52 ||   117
  Block: Other             |       |     4 ||     4
